 Dungeon Crawl Stone Soup version 0.17-a0-1508-ge7f3dc3 (webtiles) character file.

213 Jb9000 the Shield-Bearer (level 5, -2/33 HPs)
             Began as a Gargoyle Fighter on July 10, 2015.
             Slain by an ogre
             ... wielding a +0 giant club
              (24 damage)
             ... on level 4 of the Dungeon.
             The game lasted 00:11:10 (2059 turns).

Jb9000 the Shield-Bearer (Gargoyle Fighter)         Turns: 2059, Time: 00:11:11

Health: -2/33      AC: 18    Str: 20    XL:     5   Next: 90%
Magic:  5/5        EV: 12    Int:  8    God:
Gold:   217        SH:  0    Dex: 15    Spells: 0 memorised, 4 levels left

rFire  . . .     SeeInvis .     o - +2 hand axe (venom)
rCold  . . .     Clarity  .     b - +0 scale mail
rNeg   + . .     SustAt   .     c - +1 shield
rPois  ∞         Gourm    .     a - +0 helmet
rElec  +         Spirit   .     (no cloak)
rCorr  .         Warding  .     i - +0 pair of gloves
rMut   .         Stasis   .     (no boots)
MR     .....                    (no amulet)
Stlth  +.........               (no ring)
                                h - +5 ring of protection

@: confused, agile, flying, not resistant to hostile enchantments, very
unstealthy
A: negative energy resistance 1, electricity resistance, unbreathing,
petrification resistance, rot immunity, AC +4
a: no special abilities


You were on level 4 of the Dungeon.
You were not hungry.

You visited 1 branch of the dungeon, and saw 4 of its levels.

You collected 217 gold pieces.

Inventory:

Hand weapons
 f - a +1 hand axe of freezing
 o - a +2 hand axe of venom (weapon)
 p - a +4 whip
Missiles
 m - 43 poisoned needles
 u - 17 bolts
Armour
 a - a +0 helmet (worn)
 b - a +0 scale mail (worn)
 c - a +1 shield (worn)
 i - a +0 pair of gloves (worn)
Magical staves
 w - an uncursed staff of earth
Jewellery
 h - a +5 ring of protection (left hand)
Magical devices
 B - a wand of slowing (11)
Scrolls
 l - 3 scrolls of teleportation
 n - a scroll of immolation
 q - 2 scrolls of identify
 s - a scroll of fear
 t - a scroll of enchant armour
Potions
 d - a potion of might
 g - 2 potions of lignification {unknown}
 j - a potion of brilliance {unknown}
 k - a potion of curing
 r - a potion of haste {unknown}
Comestibles
 e - 4 bread rations
 A - 5 chunks of flesh


   Skills:
 + Level 4.0 Fighting
 + Level 1.7(2.5) Axes
 + Level 3.0(3.3) Maces & Flails
 + Level 3.7 Armour
 * Level 3.2 Stealth
 + Level 4.0 Shields


You had 4 spell levels left.
You didn't know any spells.

Dungeon Overview and Level Annotations

Branches:
Dungeon (4/15)
 Temple: D:4-7

Altars:


Innate Abilities, Weirdness & Mutations

You are resistant to torment.
Your stone body is resilient (AC +4).
You are immune to poison.
You resist negative energy.
You are resistant to electric shocks.
You can survive without breathing.
You are immune to petrification.
You are immune to rotting.


Message History

e - 4 bread rations (gained 1) Drink which item? (? for menu, Esc to quit)
It was a potion of curing.
You feel better.
Drink which item? (? for menu, Esc to quit)
It was a potion of flight.
You feel very buoyant.
You fly up into the air.
Drink which item? (? for menu, Esc to quit)
It was a potion of ambrosia.
You are confused.
You feel invigorated.
Drink which item? (? for menu, Esc to quit)
It was a potion of agility.
You feel agile all of a sudden.
You bump into the stone wall.
You barely miss the ogre. The ogre hits you but does no damage.
The ogre hits you with a giant club! The ogre hits you with a giant club!!
Ouch! That really hurt!
You die...

###...........# .
#...#+##'###### ..
+...'..'........
..#+#...#.##.####.##
........#.##.#
........+..... .
........###+###+####+#..
..#+#...................
. +.<.........@.......
#...........O.......
#....########+####+#..
+....+ #....# ##...#
#...# +...# #...+


You could see an ogre.

Vanquished Creatures
  A hound (D:4)
  2 worker ants (D:4)
  Robin (D:2)
  6 adders
  An ooze (D:2)
  A worm (D:2)
  2 giant geckos
  10 bats
  5 giant cockroaches
  8 hobgoblins
  A ball python (D:1)
  6 giant newts
  17 goblins
  4 kobolds
  7 rats
72 creatures vanquished.

Notes
Turn   | Place    | Note
--------------------------------------------------------------
     0 | D:1      | Jb9000 the Gargoyle Fighter began the quest for the Orb.
     0 | D:1      | Reached XP level 1. HP: 14/14 MP: 1/1
   150 | D:1      | Reached skill level 1 in Stealth
   166 | D:1      | Reached XP level 2. HP: 19/19 MP: 2/2
   565 | D:2      | Reached skill level 1 in Axes
   565 | D:2      | Reached XP level 3. HP: 19/23 MP: 3/3
   761 | D:2      | Noticed Robin
   775 | D:2      | Killed Robin
   877 | D:2      | Reached XP level 4. HP: 28/28 MP: 4/4
  1543 | D:3      | Reached XP level 5. HP: 31/33 MP: 5/5
  1902 | D:4      | Reached skill level 4 in Shields
  2049 | D:4      | Noticed an ogre
  2059 | D:4      | Slain by an ogre

Vault maps used:
D:1:      dpeg_arrival_rhombus
D:2:      serial_glass, glass_columns_b, glass_columns_a,
          minmay_strange_pillars, minmay_strange_pillars,
          minmay_strange_pillars, minmay_item_behind_shaft, uniq_robin
D:3:      first_bread
D:4:      grunt_temple_overflow_open

Action                   |  1- 3 |  4- 6 || total
-------------------------+-------+-------++-------
Melee: Hand axe          |    42 |    46 ||    88
       Whip              |    46 |    74 ||   120
  Use: Scroll            |    10 |     5 ||    15
       Potion            |       |     4 ||     4
  Eat: Bread ration      |       |     1 ||     1
       Beef jerky        |       |     1 ||     1
       Chunk             |       |     1 ||     1
